[Event "*** Titled Tuesday 3|2 Blitz"]
[Site "Chess.com"]
[Date "2015.03.03"]
[Round "4"]
[White "Spas_Kozhuharov"]
[Black "FabianEnglert"]
[Result "1-0"]
[WhiteElo "2414"]
[BlackElo "2233"]
[TimeControl "180+2"]
[EndTime "11:47:47 PST"]
[Termination "Spas_Kozhuharov won by resignation"]

1. d4 d5 2. c4 e6 3. Nc3 a6 4.
cxd5 exd5 5. Bf4 Nf6 6. e3 Bd6 7. Bg3 O-O 8. Bd3 Be6 9. Nf3 Bxg3 10. hxg3 h6 11. Ne5 Nbd7 12. f4 Nxe5 13. dxe5 Ng4 14.
Qe2 d4 15. exd4 Qxd4 16. O-O-O Qe3+ 17. Qxe3 Nxe3 18. Rd2 Rad8 19. Re1 Nc4 20. Rdd1 b5 21. f5 Bc8 22. Bxc4 bxc4 23. Nd5 Bb7 24. Nxc7 Rxd1+ 25. Rxd1 Bxg2 26. e6 fxe6 27. fxe6 Bc6 28. e7 Rf3 29.
Rd6 Ba4 30. Rxa6 Rf1+ 31. Kd2 Rd1+ 32. Ke2 Rd4 33. Rxa4 Re4+ 34. Kf3 Rxe7 35. Rxc4 1-0

[Event "*** Titled Tuesday 3|2 Blitz"]
[Site "Chess.com"]
[Date "2015.03.03"]
[Round "4"]
[White "IMLevAltounian"]
[Black "IMRosen"]
[Result "0-1"]
[WhiteElo "2444"]
[BlackElo "2118"]
[TimeControl "180+2"]
[EndTime "11:48:15 PST"]
[Termination "IMRosen won by resignation"]

1. Nf3 Nf6 2. c4 e6 3. g3 d5 4. Bg2 dxc4 5. Qa4+ c6 6. Qxc4 b5 7. Qb3 Bb7 8. a4 a6 9. O-O Nbd7 10. d4 c5 11. axb5 axb5 12. Rxa8 Qxa8 13. Qxb5 cxd4 14. Bg5 Bc6 15. Qc4 Bc5 16. Bxf6 gxf6 17. Nbd2 Bd5 18. Qd3 Ke7 19. Nb3 Bxb3 20. Qxb3 Rb8 21. Qc2 Qa2 22. Qxh7 Rxb2 23. Nh4 Ne5 24. Bf3 d3 25. e3 Rxf2 26.
Rxf2 Bxe3 0-1

[Event "*** Titled Tuesday 3|2 Blitz"]
[Site "Chess.com"]
[Date "2015.03.03"]
[Round "4"]
[White "Cryptochess"]
[Black "destroyer305"]
[Result "1-0"]
[WhiteElo "2396"]
[BlackElo "2199"]
[TimeControl "180+2"]
[EndTime "11:48:33 PST"]
[Termination "Cryptochess won by resignation"]

1. e4 c5 2. Nc3 g6 3. g3 Bg7 4. Bg2 Nc6 5. d3 Nf6 6. Be3 d6 7. h3 Nd4 8. Nge2 Nxe2 9. Nxe2 Rb8 10.
c3 b5 11. Qd2 b4 12. O-O O-O 13. f4 Ne8 14. g4 Nc7 15. f5 bxc3 16. bxc3 Nb5 17.
Rac1 Qa5 18. Bg5 f6 19. Be3 Bd7 20. Nf4 g5 21. Nd5 Rfe8 22. h4 h6 23. hxg5 fxg5 24. f6 exf6 25. Nxf6+ Bxf6 26. Rxf6 Re6 27. Bxg5 Rxf6 28.
Bxf6 Kh7 29. e5 Be8 30. Be4+ Bg6 31. Qf4 Qc7 32. Bxg6+ Kxg6 33. Qf5+ 1-0

[Event "*** Titled Tuesday 3|2 Blitz"]
[Site "Chess.com"]
[Date "2015.03.03"]
[Round "4"]
[White "GasconJR"]
[Black "AkshatChandra"]
[Result "0-1"]
[WhiteElo "2281"]
[BlackElo "2517"]
[TimeControl "180+2"]
[EndTime "11:48:35 PST"]
[Termination "AkshatChandra won by resignation"]

1. e4 c5 2. Nf3 d6 3. d4 cxd4 4.
Nxd4 Nf6 5. Nc3 Nc6 6. Bg5 e6 7. Qd2 Be7 8. O-O-O O-O 9. Nb3 a6 10. Bxf6 Bxf6 11. Qxd6 Bxc3 12. bxc3 Qf6 13. Kb2 Qxf2 14. e5 Qe3 15. Nd4 Nxe5 16. Bd3 Nxd3+ 17. Rxd3 Qe4 18. Rf1 e5 19. Nf3 f6 20. Ng5 Qc4 21. Nxh7 Be6 22. Nxf8 Qxa2+ 23. Kc1 Rxf8 24. Kd2 Bc4 25. Rg3 Bxf1 26.
Qe7 Qf7 0-1

[Event "*** Titled Tuesday 3|2 Blitz"]
[Site "Chess.com"]
[Date "2015.03.03"]
[Round "4"]
[White "ChessPsych0"]
[Black "Hafez_Bakr"]
[Result "1-0"]
[WhiteElo "2030"]
[BlackElo "1833"]
[TimeControl "180+2"]
[EndTime "11:48:36 PST"]
[Termination "ChessPsych0 won by resignation"]

1. d4 Nf6 2. c4 e6 3. Nc3 Bb4 4. e3 O-O 5. Bd3 d5 6. Nf3 c5 7. a3 cxd4 8. axb4 dxc3 9. bxc3 dxc4 10. Bxc4 Qxd1+ 11. Kxd1 Bd7 12. Bb2 Rd8 13. Ke2 Bc6 14. Rhd1 Nbd7 15. Bd3 a6 16. c4 Nf8 17. Bxf6 gxf6 18. g3 Ng6 19. Nd4 Ne5 20. Nxc6 Nxc6 21. Rab1 Ne5 22. f4 Nxd3 23. Rxd3 Rxd3 24. Kxd3 Rd8+ 25.
Kc2 Kf8 26. c5 Rd5 27. Rd1 Rxd1 28. Kxd1 f5 29. Kd2 Ke7 30. Kd3 f6 31. e4 fxe4+ 32.
Kxe4 Kd7 33. g4 Kc6 34. h4 Kb5 35. g5 fxg5 36. fxg5 Kxb4 37. h5 a5 38. g6 hxg6 39. hxg6 a4 40. g7 a3 41. g8=Q a2 42. Qg1 Kb3 43. Ke5 Kb2 44. Kxe6 a1=Q 45. Qxa1+ Kxa1 46. Kd6 Kb2 47. Kc7 Kc3 48. Kxb7 Kd4 49. c6 1-0

[Event "*** Titled Tuesday 3|2 Blitz"]
[Site "Chess.com"]
[Date "2015.03.03"]
[Round "4"]
[White "megarompa"]
[Black "petrpalachev"]
[Result "1-0"]
[WhiteElo "2647"]
[BlackElo "2441"]
[TimeControl "180+2"]
[EndTime "11:48:47 PST"]
[Termination "megarompa won by resignation"]

1. d4 Nf6 2. Nf3 d5 3. Bg5 e6 4. Nbd2 c5 5. c3 Nc6 6. e3 h6 7. Bh4 Be7 8. Bd3 O-O 9. O-O b6 10. e4 cxd4 11. e5 Nd7 12. Bxe7 Qxe7 13. cxd4 Nb4 14.
Bb5 Ba6 15. Bxa6 Nxa6 16. Qa4 Nc7 17. Rac1 Rfc8 18. a3 a5 19. Qb3 a4 20. Qd3 Nb8 21.
Rc3 Qd7 22. Rfc1 Ra7 23. h4 Rb7 24. g4 Rd8 25. g5 h5 26. g6 f6 27. exf6 gxf6 28. Re1 Ne8 29. Nf1 b5 30. Ng3 Ng7 31. Qd2 Nf5 32. Nxf5 exf5 33. Qh6 b4 34. axb4 Rxb4 35.
Rce3 Nc6 36. Re7 1-0

[Event "*** Titled Tuesday 3|2 Blitz"]
[Site "Chess.com"]
[Date "2015.03.03"]
[Round "4"]
[White "Danirod"]
[Black "vinceyoung15"]
[Result "1-0"]
[WhiteElo "2320"]
[BlackElo "2117"]
[TimeControl "180+2"]
[EndTime "11:48:56 PST"]
[Termination "Danirod won on time"]

1. e4 c5 2. Nf3 Nc6 3. c3 d5 4.
exd5 Qxd5 5. d4 cxd4 6. cxd4 e5 7. Nc3 Bb4 8. Bd2 Bxc3 9. Bxc3 e4 10. Ne5 Nxe5 11.
dxe5 Be6 12. Qa4+ Bd7 13. Qa3 Ne7 14. Rd1 Qc6 15. Be2 e3 16. Bf3 exf2+ 17. Kxf2 Qc7 18.
Bb4 Nc6 19. Bd6 Qb6+ 20. Bc5 Qc7 21. Rhe1 a6 22. b4 Nd8 23. Qe3 Ne6 24. Bd6 Qc4 25. Bxb7 Rd8 26. Rd2 Bc6 27. Bxc6+ Qxc6 28. Qf3 Qb6+ 29.
Qe3 Qc6 30. Red1 Qc4 31. h3 f6 32. exf6 gxf6 33. Bc5 Kf7 34. Rd7+ Kg6 35. Qg3+ Ng5 36.
Rxd8 1-0

[Event "*** Titled Tuesday 3|2 Blitz"]
[Site "Chess.com"]
[Date "2015.03.03"]
[Round "4"]
[White "Ar4uha"]
[Black "promen1999"]
[Result "0-1"]
[WhiteElo "2459"]
[BlackElo "2279"]
[TimeControl "180+2"]
[EndTime "11:49:07 PST"]
[Termination "promen1999 won by resignation"]

1. e4 e5 2. Nf3 Nc6 3. d4 exd4 4.
Bc4 Nf6 5. Ng5 d5 6. exd5 Qe7+ 7. Kf1 Ne5 8. Qxd4 Nxc4 9. Qxc4 Qc5 10. Qxc5 Bxc5 11.
Nc3 Bf5 12. Bf4 h6 13. Re1+ Kf8 14. Nf3 Bb6 15. Re2 Rd8 16. Rd2 Ba5 17. h3 Ne4 18. Nxe4 Bxe4 19. Rd4 Bxc2 20. Ke2 Re8+ 21. Be3 f6 22.
Rc1 Be4 23. b4 Bb6 24. Rd2 Bxe3 25. fxe3 Re7 26. Nd4 Kf7 27. Kf2 Rd8 28. Ne6 Rxd5 29. Rxd5 Bxd5 30. Nxc7 Bxa2 31. Nb5 a6 32. Nd6+ Kg6 33.
Rc8 Bd5 34. g4 Rd7 35. Nf5 Be4 36. Nd4 h5 37. Kg3 hxg4 38. hxg4 Kf7 39. Kf4 Bd5 40. Nf5 Be6 41. Nd4 Rxd4+ 42. exd4 Bxc8 0-1

[Event "*** Titled Tuesday 3|2 Blitz"]
[Site "Chess.com"]
[Date "2015.03.03"]
[Round "4"]
[White "EltajSafarli"]
[Black "DanielNaroditsky"]
[Result "1-0"]
[WhiteElo "2678"]
[BlackElo "2589"]
[TimeControl "180+2"]
[EndTime "11:49:11 PST"]
[Termination "EltajSafarli won by resignation"]

1. e4 e5 2. Nf3 Nc6 3. Bb5 a6 4. Ba4 Nf6 5. O-O Be7 6. Re1 b5 7. Bb3 d6 8. c3 O-O 9. h3 Na5 10. Bc2 c5 11. d4 Nd7 12. Nbd2 exd4 13. cxd4 Nc6 14. d5 Nce5 15. Nxe5 Nxe5 16. f4 Ng6 17. Nf3 f5 18. e5 Bb7 19. e6 Ra7 20. a4 Qa8 21. Ng5 Bxg5 22. fxg5 Bxd5 23. Re2 Nh4 24.
axb5 Bxg2 25. Ra4 f4 26. e7 Rxe7 27. Rxe7 Nf3+ 28. Kf2 Nxg5 29. Bxf4 Nxh3+ 30. Kg3 Nxf4 31. Qg4 Ng6 32. Bxg6 Rf3+ 33. Kxg2 Rf4+ 34. Kh2 Rxg4 35. Rxg4 hxg6 36. Rxg6 Qd5 37. Rgxg7+ Kh8 38. b6 Qd2+ 39. Kg3 Qd3+ 40. Kf4 Qd4+ 41. Kf5 Qf2+ 42. Ke6 Qe3+ 43. Kd7 Qb3 44. Kc7 1-0

[Event "*** Titled Tuesday 3|2 Blitz"]
[Site "Chess.com"]
[Date "2015.03.03"]
[Round "4"]
[White "gumersindo"]
[Black "Mvpag"]
[Result "1-0"]
[WhiteElo "2091"]
[BlackElo "1848"]
[TimeControl "180+2"]
[EndTime "11:49:26 PST"]
[Termination "gumersindo won on time"]

1. d4 d5 2. c4 e6 3. Nc3 Nf6 4.
Bg5 Be7 5. e3 Nbd7 6. Nf3 a6 7. cxd5 exd5 8. Bd3 O-O 9. O-O b6 10.
Rc1 Bb7 11. Ne2 c5 12. Ng3 Ne4 13. Bxe7 Qxe7 14. Bb1 Nxg3 15. hxg3 Nf6 16. dxc5 bxc5 17.
Qc2 Rac8 18. g4 Rfd8 19. Qf5 Qe6 20. g5 Qxf5 21. Bxf5 Nd7 22. Rc2 Rc7 23. Rfc1 c4 24. Bxd7 Rdxd7 25. Nd4 Kf8 26. b3 a5 27. bxc4 dxc4 28.
Rxc4 Rxc4 29. Rxc4 Bd5 30. Rc5 Bxa2 31. Rxa5 Bb1 32.
f3 Rc7 33. Rb5 Bd3 34. Rb8+ Ke7 35. Rg8 g6 36. Rg7 Kd6 37. Rxh7 Rc1+ 38. Kf2 Rf1+ 39.
Kg3 Re1 40. Kf4 Rg1 41. g4 Rf1 42. Rxf7 Kd5 43. Rd7+ Kc5 44. Re7 Kd6 45. Re5 Rg1 46. Ra5 Bf1 47. e4 Bd3 48. e5+ Ke7 49. Ra7+ Ke8 50. e6 Re1 51. Ra3 Bb1 52. Re3 Rd1 53.
Ke5 1-0

[Event "*** Titled Tuesday 3|2 Blitz"]
[Site "Chess.com"]
[Date "2015.03.03"]
[Round "4"]
[White "brauliocuarta"]
[Black "Mazetovic"]
[Result "0-1"]
[WhiteElo "2016"]
[BlackElo "2334"]
[TimeControl "180+2"]
[EndTime "11:49:28 PST"]
[Termination "Mazetovic won by resignation"]

1. d4 Nf6 2. c4 g6 3. Nc3 Bg7 4.
e4 d6 5. f4 O-O 6. Nf3 c5 7. d5 e6 8. Be2 exd5 9. cxd5 Bg4 10. O-O a6 11. h3 Bxf3 12. Bxf3 Nbd7 13. g4 b5 14. Ne2 Ne8 15. Qc2 Nc7 16. Be3 Re8 17.
Rad1 Rc8 18. e5 dxe5 19. f5 e4 20. Bg2 Nf6 21. Bg5 Qd6 22. Bf4 Qd7 23. d6 Ncd5 24.
g5 Nb4 25. Qb3 Nh5 26. fxg6 hxg6 27. Ng3 Nxg3 28. Bxg3 e3 29. Rde1 a5 30. a3 c4 31.
Qd1 Nd3 32. Re2 Nxb2 33. Rxb2 Bxb2 34. Qd5 e2 35. Re1 Bg7 36. Bf3 c3 37. Rxe2 Rxe2 38. Bxe2 c2 39. Bxb5 c1=Q+ 40. Kg2 Rc2+ 0-1

[Event "*** Titled Tuesday 3|2 Blitz"]
[Site "Chess.com"]
[Date "2015.03.03"]
[Round "4"]
[White "alturas_pacificas"]
[Black "kinetix"]
[Result "1-0"]
[WhiteElo "2059"]
[BlackElo "1451"]
[TimeControl "180+2"]
[EndTime "11:49:28 PST"]
[Termination "alturas_pacificas won by resignation"]

1. d4 d6 2. Bf4 g6 3. e3 Bg7 4.
Nf3 Nd7 5. Be2 e5 6. Bg3 f5 7.
Bh4 Ngf6 8. c4 h6 9. Bxf6 Qxf6 10. Nc3 c6 11. Qb3 Qf7 12. Rd1 O-O 13. O-O Kh7 14. Qc2 g5 15. b4 e4 16. Ne1 d5 17. b5 Nf6 18. g3 Be6 19. bxc6 bxc6 20. cxd5 cxd5 21.
Na4 Rac8 22. Qd2 g4 23. Ng2 Kh8 24. Nf4 Rc6 25. Bb5 Rd6 26. Nc5 Nh7 27. Ncxe6 Rxe6 28. Nxe6 Qxe6 29. h4 gxh3 30. Be2 Ng5 31. Kh2 h5 32. Bxh5 Rf6 33. Rb1 Rh6 34. Be2 Bf8 35. Rb8 Kh7 36. Rc1 Bd6 37. Rb7+ Kg6 38. Qc2 Nh7 39. Qc8 Ng5 40.
Qxe6+ Nxe6 41. Rc6 Nd8 42. Rxd6+ 1-0

[Event "*** Titled Tuesday 3|2 Blitz"]
[Site "Chess.com"]
[Date "2015.03.03"]
[Round "4"]
[White "ChessTrener"]
[Black "Novak_Pezelj"]
[Result "0-1"]
[WhiteElo "2446"]
[BlackElo "2440"]
[TimeControl "180+2"]
[EndTime "11:49:37 PST"]
[Termination "Novak_Pezelj won by resignation"]

1. d4 Nf6 2. Nf3 c6 3. Bg5 Ne4 4. Bf4 Qb6 5. Qc1 g5 6. Be3 Bg7 7. c3 h6 8. g3 d6 9. Bg2 Bf5 10. Nbd2 Nf6 11. Nb3 Nbd7 12. O-O Qc7 13. c4 b6 14. h4 g4 15. Ne1 Be4 16. a4 Bxg2 17. Nxg2 Rb8 18. Qc2 O-O 19. Nd2 d5 20. b3 e5 21. dxe5 Nxe5 22. Bxh6 Bxh6 23. cxd5 Nxd5 24. Ne4 f5 25. Nd2 Qe7 26. Nc4 Nxc4 27. bxc4 Nb4 28. Qb3 c5 29. e3 Rfd8 30. a5 Rd3 31. Qb1 Qd7 32. axb6 axb6 33. h5 Bg5 34. Ne1 Rd2 35. Ng2 Rd8 36. e4 Nc2 37. Ra6 fxe4 38. Qxb6 Rd6 39. Qa5 Bd2 40. Ra7 Bxa5 0-1

[Event "*** Titled Tuesday 3|2 Blitz"]
[Site "Chess.com"]
[Date "2015.03.03"]
[Round "4"]
[White "AungTZ"]
[Black "pedromartinez91"]
[Result "0-1"]
[WhiteElo "2065"]
[BlackElo "2151"]
[TimeControl "180+2"]
[EndTime "11:49:40 PST"]
[Termination "pedromartinez91 won on time"]

1. e4 c5 2. Nf3 d6 3. Bb5+ Nd7 4.
O-O Nf6 5. Re1 a6 6. Bf1 e5 7. c3 Be7 8. d4 O-O 9. a4 h6 10. a5 Re8 11. Nbd2 Bf8 12. dxe5 Nxe5 13. Qc2 Nxf3+ 14. Nxf3 d5 15. e5 Ne4 16. h3 Bf5 17. Qb3 c4 18. Qd1 Bc5 19. Be3 Bxe3 20. Rxe3 Nc5 21. Nd4 Bd7 22. Nc2 Nb3 23. Ra3 Bc6 24. Nd4 Nxa5 25. e6 fxe6 26. Nxe6 Qd7 27. Qg4 b6 28. Ra1 Ra7 29. Rae1 Re7 30. Qd4 Rb7 31. Qh4 Nb3 32. Nc5 Rxe3 33. Nxd7 Rxe1 34. Qd8+ Kh7 35. Nf8+ Kg8 36. Nd7+ Kh7 37. Nf8+ Kg8 38. Nd7+ Kf7 39. Qf8+ Kg6 40. Nb8 Re8 0-1

[Event "*** Titled Tuesday 3|2 Blitz"]
[Site "Chess.com"]
[Date "2015.03.03"]
[Round "4"]
[White "biostatistician"]
[Black "wonderfultime"]
[Result "0-1"]
[WhiteElo "2299"]
[BlackElo "2543"]
[TimeControl "180+2"]
[EndTime "11:49:45 PST"]
[Termination "wonderfultime won by checkmate"]

1. d4 d5 2. Nf3 Nf6 3. c4 c6 4. cxd5 cxd5 5. Nc3 Nc6 6. Bf4 Bf5 7. e3 e6 8. Qb3 Bb4 9. Bb5 O-O 10. O-O Bxc3 11. Qxc3 Rc8 12. Qa3 Qb6 13. Be2 Nb4 14. Rac1 h6 15. b3 Bd3 16. Rxc8 Rxc8 17. Bxd3 Nxd3 18. Be5 Ne4 19. Bg3 a5 20. Rd1 Qb4 21.
Qxb4 Nxb4 22. a3 Nc2 23. Rc1 Rc3 24. b4 a4 25. Ne5 Nxa3 26. Ra1 Rb3 27. Nd7 Rb1+ 28.
Rxb1 Nxb1 29. Nc5 Nxc5 30. dxc5 f6 31. b5 a3 32. c6 bxc6 33. bxc6 a2 34. c7 a1=Q 35. c8=Q+ Kh7 36. Qc2+ f5 37. Qc1 Qa2 38. h4 Nd2 39. Qc8 Qa1+ 40. Kh2 Nf1+ 41. Kh3 Qd1 42.
f3 Nxe3 43. Qxe6 Qh1+ 44. Bh2 Qxg2# 0-1

[Event "*** Titled Tuesday 3|2 Blitz"]
[Site "Chess.com"]
[Date "2015.03.03"]
[Round "4"]
[White "chesstatour"]
[Black "PauloCesarCosta"]
[Result "1/2-1/2"]
[WhiteElo "1891"]
[BlackElo "2047"]
[TimeControl "180+2"]
[EndTime "11:49:54 PST"]
[Termination "Game drawn by agreement"]

1. d4 d5 2. c4 c6 3. Nc3 e6 4. cxd5 exd5 5. f3 Bb4 6. Bf4 Nf6 7.
a3 Bxc3+ 8. bxc3 O-O 9. g3 Bf5 10.
Bg2 Re8 11. Nh3 Qe7 12. Nf2 Nbd7 13. Ra2 Bg6 14. O-O Nb6 15. Re1 Nc4 16. e4 dxe4 17.
fxe4 Nxa3 18. e5 Nd5 19. Bxd5 cxd5 20. Qb3 Nc4 21. Nd1 Bf5 22. Ne3 Nxe3 23. Rxe3 Be6 24. Rb2 b6 25. Re1 Rec8 26. Ra1 Qc7 27. Bd2 Qc4 28.
Qxc4 Rxc4 29. Rxb6 h6 30. Rb7 a5 31. Rb5 a4 32. Rb4 Kf8 33. Rxc4 dxc4 34. Bc1 Ke8 35. Ba3 Kd7 36. Kf2 Bd5 37. Rb1 Kc6 38. Ke3 g6 39. Rf1 h5 40. Rf6+ Kc7 1/2-1/2

[Event "*** Titled Tuesday 3|2 Blitz"]
[Site "Chess.com"]
[Date "2015.03.03"]
[Round "4"]
[White "Tomsel"]
[Black "WanderingPuppet"]
[Result "1-0"]
[WhiteElo "2281"]
[BlackElo "2091"]
[TimeControl "180+2"]
[EndTime "11:49:58 PST"]
[Termination "Tomsel won on time"]

1. d4 Nf6 2. Bf4 g6 3. Nc3 Bg7 4. Qd2 d6 5. Bh6 Bxh6 6. Qxh6 c5 7. O-O-O cxd4 8. Rxd4 Nc6 9. Rd1 Be6 10. e4 Qa5 11. a3 Rc8 12. Nf3 a6 13. h3 b5 14. Ng5 b4 15.
axb4 Qa1+ 16. Kd2 Qxb2 17. Nxe6 Nxb4 18. Ng7+ Kd8 19. Bd3 Rxc3 20. Ke1 Nxc2+ 21. Bxc2 Rxc2 22.
Qe3 Nd7 23. e5 Nxe5 24. Kf1 Nc4 25. Qa7 Nd2+ 26. Kg1 Rc7 27. Qa8+ Kd7 28. Qxa6 Qc2 29. Re1 Ne4 30. Qa5 Qxf2+ 31. Kh2 Qg3+ 32. Kg1 Qf2+ 33. Kh2 Nc3 34. Rxe7+ Kxe7 35. Qxc7+ Kf6 36. Qxc3+ Ke7 37. Re1+ Kd7 38. Qb4 Rg8 39. Qb7+ 1-0

[Event "*** Titled Tuesday 3|2 Blitz"]
[Site "Chess.com"]
[Date "2015.03.03"]
[Round "4"]
[White "AlexanderL"]
[Black "GeorgMeier"]
[Result "0-1"]
[WhiteElo "2513"]
[BlackElo "2737"]
[TimeControl "180+2"]
[EndTime "11:50:00 PST"]
[Termination "GeorgMeier won by resignation"]

1. d4 e6 2. c4 Nf6 3. Nc3 Bb4 4.
Qc2 O-O 5. Nf3 c5 6. dxc5 Nc6 7. Bg5 h6 8. Bxf6 Qxf6 9. Rc1 Bxc5 10. e3 b6 11. Be2 Bb7 12. O-O Ne5 13. Ne4 Bxe4 14.
Qxe4 Nxf3+ 15. Bxf3 Qxb2 16. Rc2 Qa3 17. Qxa8 Rxa8 18.
Bxa8 Qa4 19. Be4 Kf8 20. Bd3 Ke7 21. Rd1 f5 22. Kf1 g5 23. Rb1 Kf6 24. Rb3 h5 25. Be2 g4 26. Rd2 d6 27. h4 gxh3 28. gxh3 Kg5 29.
Kg2 Kh4 30. Bf3 Qxc4 31. Rbd3 Kg5 32. Be2 Qe4+ 33. Bf3 Qc4 34. Be2 Qb4 35. f4+ Kh6 36. Bf3 h4 37. Re2 Qc4 38. Red2 a5 39. Rb3 Kg7 40. Be2 Qc1 41. Rbd3 Qe1 42. Bf1 Bxe3 43. Rxe3 Qxe3 44. Rxd6 Kf6 45. Rd1 Qxf4 46. Rd3 e5 47. Rd6+ Kg5 48. Be2 e4 49. Rd7 Qg3+ 0-1

[Event "*** Titled Tuesday 3|2 Blitz"]
[Site "Chess.com"]
[Date "2015.03.03"]
[Round "4"]
[White "stepanosinovsky"]
[Black "manitodeplomo"]
[Result "1-0"]
[WhiteElo "2288"]
[BlackElo "2284"]
[TimeControl "180+2"]
[EndTime "11:50:03 PST"]
[Termination "stepanosinovsky won by resignation"]

1. e4 g6 2. Nf3 Bg7 3. h4 h5 4. d4 c5 5. Nc3 Qa5 6. d5 d6 7. Bd2 Qd8 8. Ng5 Nf6 9. f3 a6 10. a4 Nbd7 11. Be2 Ne5 12. Bf4 O-O 13. g4 hxg4 14. Bxe5 dxe5 15. fxg4 Bh6 16. Bf3 Kg7 17. Qe2 Rh8 18. Nh3 Bf4 19. Nxf4 exf4 20. e5 Nh7 21. g5 Bf5 22. O-O-O b5 23. d6 Rb8 24.
dxe7 Qxe7 25. Nd5 Qa7 26. Nxf4 bxa4 27. e6 Rhe8 28. Qe5+ f6 29. gxf6+ Nxf6 30. Rhg1 Kh7 31. Qxf6 a3 32. bxa3 Rb7 33. h5 Qb8 34. hxg6+ Kg8 35. Qf7+ Rxf7 36. gxf7+ Kh7 37. Rh1+ Kg7 38. Nh5+ Kg6 39.
Rdg1+ Kh6 40. Nf4+ 1-0

[Event "*** Titled Tuesday 3|2 Blitz"]
[Site "Chess.com"]
[Date "2015.03.03"]
[Round "4"]
[White "MinhGTrAn"]
[Black "darsen_sanzhaev"]
[Result "1-0"]
[WhiteElo "2414"]
[BlackElo "2153"]
[TimeControl "180+2"]
[EndTime "11:50:13 PST"]
[Termination "MinhGTrAn won by checkmate"]

1. Nf3 Nf6 2. b3 b6 3. Bb2 Bb7 4. e3 e6 5. Be2 Be7 6. O-O O-O 7.
c4 c5 8. d4 d5 9. Bc3 Nbd7 10. Nbd2 Bd6 11. Rc1 Rc8 12. Ne5 Qc7 13. f4 Rfd8 14. Bd3 Ne4 15. cxd5 exd5 16. Bb2 Ndf6 17.
Ndf3 Re8 18. Ng5 Re7 19. Nxe4 Bxe5 20. dxe5 Nxe4 21. Bxe4 dxe4 22. f5 Rd8 23. Qg4 g6 24.
Qg5 Ree8 25. f6 Kh8 26. Qh6 Rg8 27. Rf4 g5 28. Rf5 Rg6 29. Qh5 Rd2 30. Bc3 Qd7 31. Rxg5 Rd3 32. e6 Qxe6 33. Rxg6 Rxc3 34. Rxc3 fxg6 35.
Qg5 Kg8 36. Qf4 Bd5 37. Rc1 Kf7 38. Rd1 a5 39. g4 h6 40. Qc7+ Kxf6 41. Rf1+ Kg5 42.
Qf4+ Kh4 43. Qg3+ Kg5 44. h4# 1-0

[Event "*** Titled Tuesday 3|2 Blitz"]
[Site "Chess.com"]
[Date "2015.03.03"]
[Round "4"]
[White "Irochka83"]
[Black "jcibarra"]
[Result "0-1"]
[WhiteElo "2287"]
[BlackElo "2541"]
[TimeControl "180+2"]
[EndTime "11:50:15 PST"]
[Termination "jcibarra won by resignation"]

1. Nf3 Nf6 2. c4 d6 3. g3 g6 4. Bg2 Bg7 5. Nc3 O-O 6. O-O Nc6 7. d3 e5 8. Bg5 h6 9. Bxf6 Bxf6 10. Rb1 a5 11. a3 Bg7 12. b4 axb4 13. axb4 Re8 14.
b5 Ne7 15. Qc2 c6 16. Nd2 Be6 17. bxc6 bxc6 18. Rb7 d5 19. Rfb1 h5 20. Na4 Qa5 21. Nb6 Rab8 22. Nb3 Qb4 23. Rxb8 Rxb8 24. Nd4 Qa5 25.
Nxe6 Rxb6 26. Rxb6 Qxb6 27. Ng5 Bf6 28. Nf3 Qb4 29.
h4 e4 30. Nd2 Nf5 31. dxe4 Nd4 32. Qd3 dxc4 33. Nxc4 Qe1+ 34. Bf1 Ne6 35. e5 Be7 36.
Nd6 Qa1 37. Qf3 Nd8 38. Qe4 Qd1 39. Nc4 Ne6 40. Qxc6 Kg7 41. Nd6 Qd4 42. Qe4 Qa1 43. Qd3 Qxe5 44. Nc4 Qa1 45. Kg2 Bf6 46. e3 Qa8+ 47.
Kg1 Nc5 48. Qd6 Ne4 49. Bg2 Qa1+ 50. Bf1 Nxd6 51. Nxd6 0-1

[Event "*** Titled Tuesday 3|2 Blitz"]
[Site "Chess.com"]
[Date "2015.03.03"]
[Round "4"]
[White "Aragon"]
[Black "Bab3s"]
[Result "1-0"]
[WhiteElo "1970"]
[BlackElo "2046"]
[TimeControl "180+2"]
[EndTime "11:50:24 PST"]
[Termination "Aragon won by resignation"]

1. e4 e5 2. d4 exd4 3. c3 dxc3 4.
Bc4 Nc6 5. Nf3 d6 6. Nxc3 Be7 7. Qb3 Na5 8. Bxf7+ Kf8 9. Qa4 Kxf7 10. Qxa5 Nf6 11.
Ng5+ Kg8 12. Qa4 h6 13. Qb3+ d5 14. exd5 Bd6 15. Ne6 Qe8 16. Be3 Qh5 17. Nf4 Qf5 18. Nfe2 Kh7 19. O-O-O a5 20. Nd4 Qg6 21. Ndb5 Bf5 22.
Nd4 a4 23. Qc4 a3 24. b3 Ra5 25. Nxf5 Qxf5 26. Qd3 Qxd3 27. Rxd3 Be5 28. Rhd1 Rd8 29. Kc2 Bxc3 30. Rxc3 Nxd5 31. Rc4 c6 32. b4 Raa8 33. Rcd4 Re8 34. R1d3 Re6 35. Kb3 b5 36. Rxd5 cxd5 37. Rxd5 Rc8 38. Rxb5 Rec6 39. Rc5 Rxc5 40. Bxc5 Kg6 41.
Kxa3 Kf5 42. Kb3 Ke4 43. a4 Kd5 44. a5 Kc6 45. a6 Re8 46. Kc4 Re4+ 47. Bd4 Re2 48. b5+ Kc7 49. b6+ Kb8 50. Kd5 Ra2 51. Be5+ 1-0

[Event "*** Titled Tuesday 3|2 Blitz"]
[Site "Chess.com"]
[Date "2015.03.03"]
[Round "4"]
[White "DanielRensch"]
[Black "jup1978"]
[Result "0-1"]
[WhiteElo "2249"]
[BlackElo "2143"]
[TimeControl "180+2"]
[EndTime "11:50:24 PST"]
[Termination "jup1978 won by resignation"]

1. d4 d5 2. Nc3 e6 3. e4 Nf6 4. Bg5 dxe4 5. Nxe4 Be7 6. Bxf6 gxf6 7. Nf3 f5 8. Ng3 c5 9. Bb5+ Bd7 10. Bxd7+ Qxd7 11. Ne5 Qxd4 12. Qe2 Bf6 13. Nf3 Qxb2 14. O-O Qc3 15.
Qb5+ Nd7 16. Rad1 O-O-O 17. Qa4 Kc7 18. Qxa7 Qb4 19. a3 Qb6 20. Qa4 Qc6 21. Qa5+ Qb6 22. Qa4 Qc6 23. Qb3 Ne5 24. c4 Nxf3+ 25. Qxf3 Qxf3 26.
gxf3 Rxd1 27. Rxd1 Ra8 28. Rd3 Rd8 29. Rb3 Rd2 30.
Nf1 Rb2 31. Rd3 Bd4 32. Ne3 f4 33. Nd1 Rc2 34. h4 Rxc4 35. Kg2 Rc2 36. Kh3 Bxf2 37. Kg4 e5 38. Nxf2 Rxf2 39. Rd5 Kc6 40. Rxe5 c4 41.
Re4 Kd5 42. Rxf4 c3 43. Rxf7 c2 44. Rc7 Kd4 45. Kg3 Rd2 46. f4 Rd3+ 47. Kf2 Rc3 48. Rd7+ Kc4 49. Rc7+ Kb3 50. Rxb7+ Kxa3 51. Ra7+ Kb2 52.
Rb7+ Rb3 53. Rc7 c1=Q 54. Rxc1 Kxc1 55. f5 Kd2 56. f6 Rb6 0-1

[Event "*** Titled Tuesday 3|2 Blitz"]
[Site "Chess.com"]
[Date "2015.03.03"]
[Round "4"]
[White "AndreyOstrovskiy"]
[Black "asms9699"]
[Result "1/2-1/2"]
[WhiteElo "2349"]
[BlackElo "2236"]
[TimeControl "180+2"]
[EndTime "11:50:33 PST"]
[Termination "Game drawn - insufficient material"]

1. e4 e6 2. d4 d5 3. Nc3 Nf6 4.
e5 Nfd7 5. f4 c5 6. Nf3 Nc6 7. Be3 a6 8. Qd2 b5 9. dxc5 Bxc5 10.
Bxc5 Nxc5 11. Qf2 Qb6 12. Bd3 b4 13. Ne2 a5 14. O-O Ba6 15. Rfd1 O-O 16. Rac1 Ne7 17. Kh1 Na4 18. Qxb6 Nxb6 19. Ned4 Rfc8 20. Kg1 Na4 21. Rb1 Nc6 22. Kf2 Rc7 23. Ke3 Bxd3 24. cxd3 Rac8 25. Nb3 Ne7 26. Nfd4 Ra8 27. g4 g6 28. Rd2 Kf8 29. Rc1 Rxc1 30. Nxc1 Nb6 31. Rc2 Rc8 32. Ncb3 Rxc2 33.
Nxc2 Nc6 34. Ncd4 Nxd4 35. Kxd4 Na4 36. Nxa5 Nxb2 37. Nc6 h5 38. g5 h4 39. Nxb4 h3 40.
Ke3 Nd1+ 41. Kf3 Nc3 42. Kg4 Ke8 43. Kxh3 Kd7 44. Kg4 Kc7 45. h4 Kb6 46. h5 gxh5+ 47. Kxh5 Kb5 48. a3 Ne2 49. Kh6 Nxf4 50. Kg7 Nh3 51.
Kf6 Ka4 52. g6 fxg6 53. Kxe6 Nf4+ 54. Kf6 Kxa3 55. Nc6 d4 56. Nxd4 Nxd3 57. e6 Nf4 58. e7 Nd5+ 59. Kf7 Nxe7 60. Kxe7 g5 61. Kf6 g4 62.
Nf5 Kb4 63. Kg5 Kc5 64. Kxg4 1/2-1/2

[Event "*** Titled Tuesday 3|2 Blitz"]
[Site "Chess.com"]
[Date "2015.03.03"]
[Round "4"]
[White "Tirantes"]
[Black "kharposh"]
[Result "1-0"]
[WhiteElo "2313"]
[BlackElo "2056"]
[TimeControl "180+2"]
[EndTime "11:51:14 PST"]
[Termination "Tirantes won by resignation"]

1. c4 e5 2. Nc3 Nf6 3. Nf3 Nc6 4.
g3 Be7 5. d4 exd4 6. Nxd4 O-O 7. Bg2 Bc5 8. Nb3 Bb4 9. Bd2 d6 10. O-O Re8 11. Rc1 Bxc3 12. Bxc3 Ne4 13. e3 Nxc3 14.
Rxc3 Bf5 15. c5 Be4 16. cxd6 Qxd6 17. Qxd6 cxd6 18. Rd1 d5 19. Nc5 Ne5 20. Nxe4 dxe4 21. Bxe4 Rab8 22. Rc7 Nc6 23. Bxc6 bxc6 24. b3 h5 25.
Rdd7 Rf8 26. Rxa7 Rb5 27. Rd4 Rc5 28. Rc4 Rd5 29. Rxc6 h4 30. Kg2 Rd2 31. gxh4 g6 32. Rc5 Kg7 33. h5 Kh6 34. Rcc7 gxh5 35. Rxf7 Rxf7 36. Rxf7 Rxa2 37. b4 Rb2 38. Rb7 Kg5 39. Kg3 h4+ 40. Kf3 h3 41. Rh7 Rxb4 42. Rxh3 Rb3 43.
Rg3+ Kf5 44. Rg8 Ra3 45. h4 Rb3 46. h5 Rb1 47. h6 Rh1 48. Rh8 Rh3+ 49. Ke2 Kg6 50. f4 Rg3 51. Rg8+ Kf5 52. Rxg3 Ke4 53. h7 Kf5 54. h8=Q 1-0